 Dungeon Crawl Stone Soup version 0.28.0 (webtiles) character file.

Game seed: 13827017599926305056

66 chmiii the Chucker (level 3, 0/36 HPs)
             Began as a Troll Hunter on Feb 9, 2022.
             Slain by an orc (2 damage)
             ... on level 2 of the Dungeon.
             The game lasted 00:04:50 (1089 turns).

chmiii the Chucker (Troll Hunter)                   Turns: 1089, Time: 00:04:51

Health: 0/36       AC:  4    Str: 22    XL:     3   Next: 96%
Magic:  2/2        EV:  9    Int:  7    God:
Gold:   43         SH:  0    Dex: 10    Spells: 2/2 levels left

rFire   . . .      SeeInvis .   (no weapon)
rCold   . . .      Faith    .   (no shield)
rNeg    . . .      Spirit   .   b - +0 robe
rPois   .          Reflect  .   (helmet restricted)
rElec   .          Harm     .   (no cloak)
rCorr   .          Rampage  .   (gloves unavailable)
Will    .....                   (boots unavailable)
Stlth   +.........              (no amulet)
HPRegen 0.92/turn               (no ring)
MPRegen 0.08/turn               (no ring)

@: no status effects
A: large, unfitting armour, claws 3, regeneration 1, shaggy fur 1, tough skin 1
a: no special abilities


You were on level 2 of the Dungeon.
You visited 1 branch of the dungeon, and saw 3 of its levels.

You collected 43 gold pieces.

Inventory:

Missiles
 c - 5 large rocks (quivered)
 d - 2 throwing nets
Armour
 b - a +0 robe (worn)
Scrolls
 a - 2 scrolls of identify {unknown}
 e - a scroll of brand weapon {unknown}
Potions
 f - a potion of curing {unknown}
 g - 2 potions of brilliance {unknown}


   Skills:
 * Level 2.5 Fighting
 + Level 1.2 Maces & Flails
 + Level 3.9 Throwing
 + Level 1.1 Armour
 - Level 1.5 Dodging
 - Level 0.3 Stealth


You had 2 spell levels left.
You didn't know any spells.
Your spell library was empty.

Dungeon Overview and Level Annotations

Branches:
Dungeon (3/15)

Altars:


Innate Abilities, Weirdness & Mutations

You are too large for most types of armour.
You have claws for hands.
Your natural rate of healing is unusually fast.
You are covered in fur. (AC +1)
You have tough skin. (AC +1)


Message History

An orc comes into view. It is wielding a +0 short sword.
The orc priest hits you with a +0 flail.
The orc barely misses you.
The orc shouts!
The orc priest misses you.
The orc priest hits you with a +0 flail.
There is a stone staircase leading up here.
The orc priest barely misses you. The orc barely misses you.
You climb upwards.
There is a stone staircase leading down here.
You closely miss the orc priest.
The orc priest is lightly wounded.
The orc priest hits you with a +0 flail.
The orc completely misses you.
You barely miss the orc priest.
The orc priest is lightly wounded.
The orc priest closely misses you. The orc hits you but does no damage.
You scratch the orc priest.
The orc priest is moderately wounded.
The orc priest misses you. The orc hits you with a +0 club.
You barely miss the orc priest.
The orc priest is moderately wounded.
The orc priest closely misses you. The orc barely misses you.
You claw the orc priest!
The orc priest is severely wounded.
The orc priest hits you with a +0 flail!
* * * LOW HITPOINT WARNING * * *
The orc hits you with a +0 club.
* * * LOW HITPOINT WARNING * * *
You closely miss the orc priest.
The orc priest is severely wounded.
The orc priest hits you with a +0 flail.
* * * LOW HITPOINT WARNING * * *
The orc hits you with a +0 club.
* * * LOW HITPOINT WARNING * * *
You barely miss the orc priest.
The orc priest is severely wounded.
The orc priest hits you but does no damage.
The orc hits you with a +0 club.
You die...

.....#....<..#P..P.P#.....#.#
.......##.#.........#....##.#
..<...###....#......#..#.##.#
.............#......#.....#.#
.....####.##.P......#.#.....#
.....#.......#....P.#.#.....#
#.####.#####..##++###.......#
.......# #................#
.####### ###.#@....##.....#
.# #####.#oo....#.....# .#
#........###.......# .#
#........# ##......# .#
#........# #..##### .#
#.[......# #### ## #........#
#........# #........#


You could see an orc priest and an orc.

Vanquished Creatures
  2 adders (D:2)
  A worm (D:2)
  2 ball pythons (D:1)
  4 endoplasms
  3 giant cockroaches
  4 goblins
  6 hobgoblins
  2 jackals (D:1)
  6 kobolds
  3 quokkas
  2 bats (D:1)
  2 frilled lizards
  6 rats
43 creatures vanquished.

Notes
Turn   | Place    | Note
-------+----------+-------------------------------------------
     0 | D:1      | chmiii the Troll Hunter began the quest for the Orb.
     0 | D:1      | Reached XP level 1. HP: 19/19 MP: 0/0
   140 | D:1      | Reached XP level 2. HP: 27/28 MP: 1/1
   422 | D:1      | Reached XP level 3. HP: 35/35 MP: 2/2
   632 | D:2      | Reached skill level 1 in Armour
   634 | D:2      | Reached skill level 1 in Maces & Flails
  1088 | D:2      | HP: 1/36 [orc (2)]
  1089 | D:2      | Slain by an orc

Illustrated notes

Levels and vault maps discovered:
D:1:      scummos_arrival_gate, layout_loops_ring
D:2:      cheibrodos_old_hovel, layout_rooms
D:3:      layout_rooms, mainiacjoe_overflow_boulevard,
          ebering_ghost_disaster_area

Skill      XL: |  1  2  3 |
---------------+----------+-----
Fighting       | 2 |  2.5
Armour         | 1 |  1.1
Maces & Flails | 1 |  1.2
Throwing       | |  3.9
Dodging        | |  1.5
Stealth        | |  0.3

Action                   || total
-------------------------++-------
Melee: Unarmed           ||   139
 Stab: Sleeping          ||     1
Armor: Robe              ||    37
Dodge: Dodged            ||    61
